 Dungeon Crawl Stone Soup version 0.26.1-11-gd32895ea62 (webtiles) character file.

Game seed: 16756973875692791765

246 ubername the Slasher (level 5, 0/42 HPs)
             Began as a Demonspawn Chaos Knight on July 7, 2021.
             Was a Plaything of Xom.
             Shot with a stone by a goblin (1 damage)
             ... on level 4 of the Dungeon.
             The game lasted 00:04:45 (3091 turns).

ubername the Slasher (Demonspawn Chaos Knight)      Turns: 3091, Time: 00:04:46

Health: 0/42       AC:  6    Str: 13    XL:     5   Next: 84%
Magic:  5/5        EV:  8    Int: 13    God:    Xom [..*...]
Gold:   180        SH:  7    Dex: 13    Spells: 4/4 levels left

rFire    . . .     SeeInvis .   a - +0 falchion (chaos)
rCold    . . .     Faith    .   f - +0 kite shield
rNeg     . . .     Spirit   .   d - +1 ring mail
rPois    .         Reflect  .   (no helmet)
rElec    .         Harm     .   (no cloak)
rCorr    .         Rampage  .   (no gloves)
Will     +....                  (no boots)
Stlth    +.........             (no amulet)
HPRegen  0.14/turn              c - ring of willpower
MPRegen  0.09/turn              (no ring)

@: lethally poisoned (0 -> -4)
A: talons 1, powered by death 1
a: Renounce Religion


You were on level 4 of the Dungeon.
You worshipped Xom.
You were a toy of Xom.
You visited 1 branch of the dungeon, and saw 4 of its levels.

You collected 180 gold pieces.

Inventory:

Hand Weapons
 a - a +0 falchion of chaos (weapon)
 q - a +0 dagger of venom
Missiles
 e - 5 boomerangs (quivered)
 g - 71 stones
 k - 22 sling bullets
Armour
 b - a +2 leather armour
 d - a +1 ring mail (worn)
 f - a +0 kite shield (worn)
 l - a +0 pair of boots
Jewellery
 c - a ring of willpower (left hand)
Wands
 m - a wand of enslavement (8)
Scrolls
 h - a scroll of teleportation
 j - 2 scrolls of identify
 n - a scroll of remove curse
 r - a scroll of amnesia {unknown}
Potions
 i - a potion of mutation {unknown}
 o - 2 potions of ambrosia {unknown}
 p - a potion of lignification {unknown}


   Skills:
 + Level 3.9 Fighting
 + Level 4.2 Long Blades
 + Level 2.8 Armour
 + Level 2.0 Dodging
 + Level 1.2 Stealth
 + Level 0.9 Shields


You had 4 spell levels left.
You didn't know any spells.
Your spell library contained the following spells:

 Spells                   Type           Power        Failure   Level
 Animate Skeleton         Necr           0%           99%         1
 Apportation              Tloc           0%           99%         1
 Corona                   Hex            0%           99%         1
 Summon Small Mammal      Summ           0%           99%         1


Dungeon Overview and Level Annotations

Branches:
Dungeon (4/15)
 Temple: D:4-7

Altars:


Innate Abilities, Weirdness & Mutations

You have sharp toenails.
You regenerate a little health from kills.


Message History

The worker ant is moderately wounded.
The goblin shoots a stone.
You block the stone. The worker ant bites you.
* * * LOW HITPOINT WARNING * * *
You are poisoned.
The worker ant poisons you!
Your shield and ring mail prevent you from hitting the worker ant.
The worker ant is moderately wounded.
You feel sick.
The goblin shoots a stone.
The stone hits you.
* * * LOW HITPOINT WARNING * * *
The worker ant bites you but does no damage.
The worker ant bites you.
* * * LOW HITPOINT WARNING * * *
The goblin shoots a stone.
You block the stone.
You hit the worker ant. Your kick misses the worker ant.
The worker ant is heavily wounded.
* * * LOW HITPOINT WARNING * * *
You feel sick. The worker ant bites you.
* * * LOW HITPOINT WARNING * * *
The goblin shoots a stone.
The stone hits you.
You die...

#..#.#..#.# .#
#...#...#.#..#
#.g.#.B.#o...# ..
#...## .. #..).##
#. ##.##.# #.
#....# #.#####(##
#.@B.g((.#########
######.#.........#
#...#.#####.#
#.###.##
#######.##...#
........<..#..#
#.#####g##....#
#..<..............
#.#####.##...###..


You could see a worker ant and 2 goblins.

Vanquished Creatures
  An ogre (D:4)
  A hound zombie (D:3)
  3 adders
  3 oozes
  5 dart slugs
  3 leopard geckos (D:2)
  2 orcs (D:3)
  4 giant cockroaches
  4 goblins
  17 hobgoblins
  14 jackals
  4 quokkas (D:3)
  2 ball pythons (D:1)
  6 bats
  2 frilled lizards
  8 kobolds
  8 rats
87 creatures vanquished.

Notes
Turn   | Place    | Note
-------+----------+-------------------------------------------
     0 | D:1      | ubername the Demonspawn Chaos Knight began the quest for
                  | the Orb.
     0 | D:1      | Reached XP level 1. HP: 18/18 MP: 1/1
    69 | D:1      | XOM: divination: detect items
   250 | D:1      | Reached skill level 3 in Long Blades
   308 | D:1      | Gained mutation: You regenerate a little health from kills.
                  | [demonic ancestry]
   308 | D:1      | Reached XP level 2. HP: 24/24 MP: 2/2
   521 | D:1      | XOM: silly message
   621 | D:1      | Reached skill level 1 in Dodging
   736 | D:1      | XOM: noise
   742 | D:1      | Reached XP level 3. HP: 26/29 MP: 3/3
   931 | D:1      | XOM: silly message
   959 | D:1      | XOM: 4-stop teleportation journey
  1085 | D:1      | XOM: silly message
  1197 | D:2      | XOM: noise
  1311 | D:2      | XOM: polymorph howler monkey -> leopard gecko
  1324 | D:2      | Gained mutation: You have sharp toenails. [demonic
                  | ancestry]
  1324 | D:2      | Reached XP level 4. HP: 35/35 MP: 4/4
  1396 | D:2      | XOM: noise
  2301 | D:3      | Reached XP level 5. HP: 39/42 MP: 5/5
  2892 | D:3      | Reached skill level 1 in Stealth
  3049 | D:4      | Reached skill level 4 in Long Blades
  3050 | D:4      | Noticed an ogre
  3050 | D:4      | XOM: confuse monster(s)
  3062 | D:4      | XOM: smoke on damage
  3064 | D:4      | Killed an ogre
  3091 | D:4      | HP: 1/42 [worker ant (3)]
  3091 | D:4      | Shot with a stone by a goblin

Illustrated notes

Levels and vault maps discovered:
D:1:      giann_forest_graveyard, layout_loops_corners,
          chequers_serial_rivers_marsh
D:2:      layout_basic
D:3:      layout_loops_ring
D:4:      minmay_goblin_kobold_castle, layout_loops_ring, old_standard_altar,
          minmay_puff

Skill      XL: |  1  2  3  4  5 |
---------------+----------------+-----
Long Blades    | 3 4 |  4.2
Dodging        | 1 2 |  2.0
Armour         | 2 |  2.8
Stealth        | 1 |  1.2
Fighting       | |  3.9
Shields        | |  0.9

Action                   |  1- 3 |  4- 6 || total
-------------------------+-------+-------++-------
Melee: Falchion          |   123 |   129 ||   252
       Kick              |       |    31 ||    31
  Use: Scroll            |     2 |     4 ||     6
       Potion            |     1 |       ||     1
 Stab: Paralysed         |     4 |       ||     4
       Petrifying        |       |     1 ||     1
       Petrified         |       |     1 ||     1
       Sleeping          |       |     1 ||     1
Armor: Ring mail         |    54 |    49 ||   103
       Leather armour    |     4 |       ||     4
Dodge: Dodged            |    88 |    58 ||   146
Block: Kite shield       |       |    35 ||    35
       Rpst.: Falchion   |    25 |    15 ||    40
